[Event "Early-Titled-Tuesday-Blitz-September-26-2023"]
[Site "Chess.com"]
[Date "2023.09.26"]
[Round "1"]
[White "WPWPWP-2015"]
[Black "MITerryble"]
[Result "0-1"]
[WhiteElo "2508"]
[BlackElo "2938"]
[TimeControl "180+1"]
[EndTime "8:07:56 PDT"]
[Termination "MITerryble won by resignation"]

1. e4 e6 2. d4 d5 3. Nc3 Nf6 4. Bg5 Bb4 5. Ne2 dxe4 6. a3 Be7 7. Bxf6 Bxf6 8. Nxe4 O-O 9. Nxf6+ Qxf6 10. g3 e5 11.
Bg2 Rd8 12. d5 Bg4 13. O-O Nc6 14. c3 Ne7 15. c4 Qf5 16. Re1 Ng6 17. Qb3 Rab8 18.
Qe3 Bh3 19. Nc3 Bxg2 20. Kxg2 b6 21. Nb5 Rd7 22. Nxa7 Re8 23. Nc6 e4 24. h3 h5 25.
h4 Qg4 26. Kh2 Rd6 27. Nd4 Nxh4 28. Qf4 Qxf4 29. gxf4 Rg6 30. Rg1 e3 31. Rxg6 fxg6 32. fxe3 Rxe3 33. Ne6 Re2+ 34. Kg3 Nf5+ 35. Kf3 Rxb2 36.
Nxc7 h4 37. Ne6 h3 38. Rh1 h2 39. Ng5 Rc2 40. Ne4 Kf7 41. Ng5+ Ke7 42. Re1+ Kd6 43. Ne4+ Kd7 44. Rh1 Ra2 45. Kg4 Re2 46. Ng3 Rg2 47. Kf3 Rxg3+ 48. Kf2 Rxa3 49. Rb1 Ra2+ 50. Kf3 Nd6 51. Kg4 Nxc4 52. Kg5 Rg2+ 53. Kh4 Rg1 0-1

[Event "Early-Titled-Tuesday-Blitz-September-26-2023"]
[Site "Chess.com"]
[Date "2023.09.26"]
[Round "1"]
[White "PapiPapita"]
[Black "nicholas_ilic"]
[Result "1-0"]
[WhiteElo "2589"]
[BlackElo "2221"]
[TimeControl "180+1"]
[EndTime "8:07:56 PDT"]
[Termination "PapiPapita won by checkmate"]

1. d4 Nf6 2. g3 e6 3. Bg2 d5 4.
Nf3 h6 5. O-O Bd6 6. c4 dxc4 7.
Nbd2 c6 8. Nxc4 Bc7 9. Bf4 Bxf4 10. gxf4 O-O 11. e3 Re8 12. h3 Nbd7 13. Nfe5 Nd5 14. Nd6 Re7 15. Kh2 Nf8 16. Ne4 f6 17. Nd3 Qc7 18.
Kh1 e5 19. fxe5 fxe5 20. Nxe5 Bf5 21. Ng3 Bh7 22. Rc1 Qd6 23. Qb3 Rd8 24. e4 Kh8 25.
exd5 cxd5 26. Rfe1 Ne6 27. Ne2 Ng5 28. Nf4 Ne4 29.
Qe3 Rf8 30. Re2 Qf6 31. Nxd5 Nxf2+ 32. Rxf2 Qxf2 33. Qxf2 Rxf2 34. Nxe7 Bc2 35. N7g6+ Kh7 36. Kg1 Rd2 37. Nf4 Bf5 38. d5 Rxb2 39. Rd1 Rxa2 40. d6 b6 41. Nd5 Bd7 42. Nxd7 Ra3 43. Ne7 b5 44. Rf1 b4 45. Be4+ g6 46. Bxg6+ Kg7 47. Rf7+ Kh8 48. Rh7# 1-0

[Event "Early-Titled-Tuesday-Blitz-September-26-2023"]
[Site "Chess.com"]
[Date "2023.09.26"]
[Round "1"]
[White "chezzgirl04"]
[Black "Zarinur"]
[Result "1-0"]
[WhiteElo "2128"]
[BlackElo "2529"]
[TimeControl "180+1"]
[EndTime "8:07:58 PDT"]
[Termination "chezzgirl04 won on time"]

1. e4 e5 2. Nf3 Nc6 3. Bb5 a6 4. Ba4 Nf6 5. O-O b5 6. Bb3 Bc5 7. c3 d6 8. d4 Bb6 9. Be3 O-O 10. a4 Rb8 11. axb5 axb5 12. Nbd2 Ng4 13. h3 Nxe3 14.
fxe3 Qe7 15. Qe1 Kh8 16. Nh4 g6 17. Nhf3 Na5 18. Ba2 c5 19. Qg3 f6 20. Kh1 Nc6 21.
Bd5 Bd7 22. Nb3 Qg7 23. Nh4 Ne7 24. Nd2 Nxd5 25. exd5 f5 26. Ndf3 e4 27. Ng5 cxd4 28. exd4 Rf6 29. Ra6 h6 30. Ne6 Bxe6 31. dxe6 Rxe6 32.
Rfa1 Bc7 33. Rc6 Rbe8 34. Ra7 R8e7 35. d5 Re5 36. Nxg6+ Kh7 37. Raxc7 Rxc7 38. Nf8+ Qxf8 39. Rxc7+ Kh8 40. Qg6 Re7 41. Qxd6 e3 42. Qxe7 1-0

[Event "Early-Titled-Tuesday-Blitz-September-26-2023"]
[Site "Chess.com"]
[Date "2023.09.26"]
[Round "1"]
[White "Grossboss19"]
[Black "rasmussvane"]
[Result "0-1"]
[WhiteElo "2523"]
[BlackElo "2996"]
[TimeControl "180+1"]
[EndTime "8:07:59 PDT"]
[Termination "rasmussvane won by resignation"]

1. d4 d5 2. Nc3 Nf6 3. Bf4 c6 4. e3 Bf5 5. Bd3 e6 6. Nge2 Bd6 7. Bxd6 Qxd6 8. Ng3 Bg6 9. h4 Nbd7 10. h5 Bxd3 11. Qxd3 O-O-O 12. O-O-O g6 13. Kb1 e5 14. e4 Rhe8 15.
hxg6 hxg6 16. Rhe1 a6 17. Nge2 exd4 18. Nxd4 Nc5 19.
Qh3+ Kb8 20. exd5 Rxe1 21. Rxe1 Nxd5 22. Nxd5 Qxd5 23. Nb3 Ne4 24. Qe3 Qd1+ 25. Rxd1 Rxd1+ 26. Qc1 Rxc1+ 27. Kxc1 Nxf2 28. Kd2 Kc7 29. Nc5 a5 30. a4 b6 31. Nb3 Ne4+ 32. Kd3 Nc5+ 33. Nxc5 bxc5 34.
g4 Kd6 35. Ke4 f6 36. b3 Ke6 37. c3 Kd6 38. Kf4 Kd5 39. Kf3 Ke5 40. Ke3 f5 41.
gxf5 gxf5 42. Kf3 f4 43. c4 Kf5 44. Kf2 Ke4 45. Ke2 Kd4 46. Kf3 Kc3 47. Kxf4 Kxb3 48.
Ke3 Kxc4 49. Kd2 Kb4 50. Kd3 c4+ 51. Kc2 Kxa4 52. Kc3 Kb5 53. Kb2 Kb4 54. Kc2 a4 55.
Kb2 a3+ 56. Kc2 c5 57. Kb1 Kb3 58. Ka1 c3 59. Kb1 c2+ 60. Kc1 a2 0-1

[Event "Early-Titled-Tuesday-Blitz-September-26-2023"]
[Site "Chess.com"]
[Date "2023.09.26"]
[Round "1"]
[White "UK_23"]
[Black "FontVella8"]
[Result "0-1"]
[WhiteElo "2417"]
[BlackElo "2723"]
[TimeControl "180+1"]
[EndTime "8:07:59 PDT"]
[Termination "FontVella8 won by resignation"]

1. e4 c6 2. Nc3 d5 3. Nf3 dxe4 4. Nxe4 Nf6 5. Qe2 Nxe4 6. Qxe4 Qa5 7. b4 Qf5 8. Qe3 Qe6 9. Bb2 Qxe3+ 10. fxe3 f6 11. a3 a5 12. b5 cxb5 13. Bxb5+ Bd7 14. Bxd7+ Nxd7 15. O-O Rc8 16. Rac1 Nc5 17. d3 e5 18. d4 Na4 19. Rb1 Rxc2 20. Rf2 Rxb2 21. Rfxb2 Nxb2 22. Rxb2 Bxa3 23. Rxb7 O-O 24. dxe5 Bc5 25. Kf1 fxe5 26. Ke2 a4 27. Rb5 Bd6 28. Ra5 a3 29. e4 Rb8 30. Kd3 h6 31. Kc4 Rb2 32. Kd5 Bf8 33. Nxe5 Rxg2 34. Ra8 Rd2+ 35. Ke6 a2 36. h4 h5 37. Kf5 Kh7 38. Nf3 Rf2 39. Kf4 Be7 40. Ke3 Rb2 41. e5 Kg6 42. Ra6+ Kf5 43. Nd4+ Kg4 44. Rg6+ Kxh4 45. Nf5+ Kh3 46.
Ra6 Bg5+ 47. Ke4 g6 48. Nd4 Be7 49. Nf3 g5 50. e6 g4 51. Nd4 g3 52. Nf5 g2 53. Nxe7 g1=Q 54. Kf5 Qf1+ 55. Kg6 Qxa6 0-1

[Event "Early-Titled-Tuesday-Blitz-September-26-2023"]
[Site "Chess.com"]
[Date "2023.09.26"]
[Round "1"]
[White "TigranHH"]
[Black "MaevskiyNikolay"]
[Result "1-0"]
[WhiteElo "2227"]
[BlackElo "2564"]
[TimeControl "180+1"]
[EndTime "8:08:00 PDT"]
[Termination "TigranHH won by resignation"]

1. d4 e6 2. c4 d5 3. Nc3 c6 4. e3 Bd6 5. Nf3 Nd7 6. Bd3 f5 7. Qc2 a6 8. h3 Nh6 9. Bd2 O-O 10. g4 fxg4 11. Bxh7+ Kh8 12. hxg4 Rxf3 13. O-O-O Nf8 14. Bd3 Rxf2 15. e4 Bf4 16. exd5 exd5 17. Ne2 Bxd2+ 18. Qxd2 Qf6 19. g5 Qf7 20. gxh6 g6 21. Qe3 dxc4 22. Qe5+ Kh7 23. Bc2 Bf5 24. Bxf5 Rxf5 25. Qg3 Re8 26.
Nc3 Rf3 27. Qd6 Qf4+ 28. Qxf4 Rxf4 29. d5 c5 30. d6 Nd7 31. Nd5 Rf5 32. Nc7 Re2 33.
Rde1 Rxe1+ 34. Rxe1 Kxh6 35. Re7 Nb6 36. d7 Nxd7 37.
Rxd7 Kh5 38. Nd5 Re5 39. Kd2 b5 40. a4 g5 41. axb5 axb5 42. Nf6+ Kg6 43. Nd5 Re4 44. Rd6+ Kf5 45. Ne3+ Kf4 46. Rf6+ Kg3 47. Rf5 Rd4+ 48. Ke2 g4 49. Rxc5 b4 50. Nf5+ Kf4 51. Nxd4 Ke4 52.
Nc2 g3 53. Rxc4+ Kd5 54. Ne3+ Ke5 55. Rxb4 1-0

[Event "Early-Titled-Tuesday-Blitz-September-26-2023"]
[Site "Chess.com"]
[Date "2023.09.26"]
[Round "1"]
[White "ferdipy"]
[Black "Zavgorodniy_Sergiy"]
[Result "0-1"]
[WhiteElo "2261"]
[BlackElo "2596"]
[TimeControl "180+1"]
[EndTime "8:08:04 PDT"]
[Termination "Zavgorodniy_Sergiy won by resignation"]

1. e4 e5 2. Nf3 d6 3. Bc4 Be7 4.
c3 Nf6 5. d3 O-O 6. O-O c6 7. h3 d5 8. exd5 cxd5 9. Bb3 Nc6 10. Bg5 h6 11. Bh4 Be6 12. Bg3 Bd6 13. Nbd2 Re8 14. Re1 Bf5 15. Bc2 Qd7 16. Nh4 Bh7 17. Nf1 Rad8 18. Ne3 d4 19. Ng4 Nxg4 20. hxg4 dxc3 21. bxc3 Bc5 22. Nf5 Bxf5 23. gxf5 Qxf5 24.
d4 Qg5 25. Qd3 g6 26. Qb5 Bb6 27. Bxe5 Nxe5 28. Rxe5 Rxe5 29. Qxe5 Qxe5 30. dxe5 Rd2 31. Bb3 Rxf2 32. Kh2 Bc7 33. Kg1 Bb6 34. Kh2 Bc7 35. Kg1 Re2 36. Rf1 Bb6+ 37. Kh1 Bf2 38. e6 fxe6 39.
Bxe6+ Rxe6 40. Rxf2 Rc6 41. Rf3 Ra6 42. Rf2 Ra3 43.
Rc2 Kf7 44. Kg1 Ke6 45. Kf2 Kd5 46. Ke3 Kc4 47. Kd2 Ra5 48. Rb2 Rg5 49. Rb4+ Kc5 50. Rxb7 Rxg2+ 51. Kd3 Rxa2 52. Rg7 Rg2 53. Rxa7 Rg3+ 54.
Kd2 h5 55. Ra5+ Kc4 56. Ra4+ Kc5 57. Ra5+ Kb6 58. Re5 h4 59. c4 h3 60. Re2 g5 61.
Ke1 g4 62. Kf2 Rg2+ 63. Kf1 Rxe2 64. Kxe2 g3 0-1

[Event "Early-Titled-Tuesday-Blitz-September-26-2023"]
[Site "Chess.com"]
[Date "2023.09.26"]
[Round "1"]
[White "Staudenhocker43"]
[Black "MMAHDI2013"]
[Result "1/2-1/2"]
[WhiteElo "2573"]
[BlackElo "2229"]
[TimeControl "180+1"]
[EndTime "8:08:04 PDT"]
[Termination "Game drawn by repetition"]

1. c4 e6 2. Nc3 d5 3. d4 Nf6 4.
cxd5 exd5 5. Bg5 Be7 6. Qc2 c6 7. e3 O-O 8. Bd3 h6 9. Bh4 Ne8 10. Bxe7 Qxe7 11. Nf3 Nd6 12. O-O Qf6 13. Ne5 Bf5 14.
b4 Bxd3 15. Qxd3 a6 16. a4 Qe7 17. b5 Rc8 18. bxc6 bxc6 19. Rfb1 Nd7 20. Nxd7 Qxd7 21. Rb3 a5 22. Rab1 Qc7 23. e4 dxe4 24. Nxe4 Nxe4 25. Qxe4 Rab8 26. g3 Rxb3 27. Rxb3 Qd7 28. Rc3 Rd8 29.
Rc4 Qd5 30. Qxd5 Rxd5 31. Kf1 Kf8 32. Ke2 Ke7 33. Ke3 Kd6 34. Rc3 c5 35. dxc5+ Rxc5 36. Rd3+ Kc7 37. Rd4 Rc1 38. Rd5 Kb6 39. Rd6+ Rc6 40. Rd7 Rc7 41. Rxc7 Kxc7 42. Kd4 Kd6 43. Kc4 Kc6 44. f3 f6 45. h3 g6 46. f4 f5 47. Kd4 Kd6 48. Kc4 Kc6 49. Kd4 Kd6 50. h4 h5 51. Kc4 Kc6 52. Kd4 Kd6 53. Kc4 Kc6 54. Kd4 Kd6 1/2-1/2

[Event "Early-Titled-Tuesday-Blitz-September-26-2023"]
[Site "Chess.com"]
[Date "2023.09.26"]
[Round "1"]
[White "sqmorr"]
[Black "Journey_to_GrandMaster_YT"]
[Result "0-1"]
[WhiteElo "2247"]
[BlackElo "2593"]
[TimeControl "180+1"]
[EndTime "8:08:08 PDT"]
[Termination "Journey_to_GrandMaster_YT won on time"]

1. d4 d6 2. e4 Nf6 3. Nc3 e5 4. Nf3 Nbd7 5. Bc4 Be7 6. O-O O-O 7. Bb3 c6 8. a4 a5 9. Re1 exd4 10. Nxd4 Nc5 11. Bf4 Nxb3 12. Nxb3 Qc7 13. Qd2 Rd8 14. Rad1 Qb6 15. Be3 Qb4 16. Qd4 Ng4 17. Bf4 Bf6 18. e5 Qxd4 19. Rxd4 dxe5 20. Rxd8+ Bxd8 21. Bxe5 Nxe5 22.
Rxe5 Kf8 23. g3 Bc7 24. Re3 Bb6 25. Rd3 Bf5 26. Rd2 Bh3 27. Nc1 Re8 28. N1e2 Bc5 29. Nd1 Bg4 30. Ndc3 Bf3 31. Kf1 Bb4 32. Rd3 Bg4 33.
f3 Bf5 34. Rd2 f6 35. Kg2 Rd8 36. Rxd8+ Ke7 37. Rd2 Be6 38. Nd4 Bd7 39. Kf2 g6 40.
Ke3 f5 41. f4 Bc8 42. Nf3 Bc5+ 43. Ke2 Be6 44. Ne5 Bb4 45. Rd4 Bc5 46. Rd3 Bb4 47.
Nd1 Bc5 48. Ne3 b5 49. axb5 cxb5 50. c3 a4 51. Nc2 Bb3 52. Nb4 Ke6 53. Rd2 Bg1 54. Kf3 h6 55. h3 g5 56. g4 gxf4 57. Nec6 Be3 0-1

[Event "Early-Titled-Tuesday-Blitz-September-26-2023"]
[Site "Chess.com"]
[Date "2023.09.26"]
[Round "1"]
[White "viktorskliarov"]
[Black "Chessbard1972"]
[Result "1/2-1/2"]
[WhiteElo "2650"]
[BlackElo "2366"]
[TimeControl "180+1"]
[EndTime "8:08:09 PDT"]
[Termination "Game drawn by agreement"]

1. e4 e5 2. Nc3 Nc6 3. Bc4 Nf6 4. d3 Bc5 5. a3 a6 6. h3 h6 7. Nge2 d6 8. O-O O-O 9. Ng3 Be6 10. Nd5 Bxd5 11. exd5 Ne7 12. Qf3 Nd7 13. Nf5 Nxf5 14.
Qxf5 Nb6 15. Bb3 Qc8 16. Qh5 f5 17. c3 Qe8 18. Qxe8 Raxe8 19. Be3 Nd7 20. Ba4 b5 21. Bc2 Bb6 22. a4 Bxe3 23. fxe3 Nc5 24. axb5 axb5 25.
Ra5 Rb8 26. b4 Nd7 27. Ra7 Rbc8 28. c4 Kh8 29. Bb3 bxc4 30. dxc4 f4 31. Ba4 Nb6 32. Bb5 fxe3 33. Re1 Rf4 34. Ba6 Ra8 35. Rxa8+ Nxa8 36.
Rxe3 Nb6 37. Rf3 Rd4 38. Rf7 Nxc4 39. Rxc7 Ne3 40. b5 Nxd5 41. Rc8+ Kh7 42. Bb7 Nf4 43. Bc6 Rb4 44. Rd8 d5 45. Bxd5 Rxb5 46. Be4+ g6 47. Rd7+ Kg8 48. g3 Nxh3+ 49. Kh2 Ng5 50. Bxg6 Rb2+ 51.
Kg1 Nf3+ 52. Kf1 Nh2+ 53. Ke1 Nf3+ 54. Kd1 Nd4 55. Be4 Rh2 56. Bd5+ Kf8 57. Be4 Ke8 58. Rh7 1/2-1/2

[Event "Early-Titled-Tuesday-Blitz-September-26-2023"]
[Site "Chess.com"]
[Date "2023.09.26"]
[Round "1"]
[White "santosalberto1987"]
[Black "platy3"]
[Result "0-1"]
[WhiteElo "2497"]
[BlackElo "2879"]
[TimeControl "180+1"]
[EndTime "8:08:10 PDT"]
[Termination "platy3 won on time"]

1. e4 c5 2. Nf3 d6 3. Bb5+ Nd7 4.
d4 cxd4 5. Qxd4 a6 6. Bxd7+ Bxd7 7. Nc3 e5 8. Qd3 h6 9. Nd2 Rc8 10. Nc4 Be6 11. Ne3 Nf6 12. Ncd5 Be7 13. O-O O-O 14. Rd1 Rc6 15. c4 Qd7 16. b3 Bxd5 17. Nxd5 Nxd5 18. Qxd5 Qe6 19. Ba3 Rfc8 20. Rd2 b5 21. cxb5 axb5 22.
Qxb5 Qg6 23. Qd5 Bg5 24. Rdd1 Ra6 25. Bb4 Rc2 26. a4 Be3 27. Be1 Bd4 28. Rac1 Rb2 29. Qb7 Rb6 30. Qc8+ Kh7 31. Qf5 R6xb3 32. Qxg6+ Kxg6 33. a5 Kf6 34. g3 Ra2 35. Rb1 Rxb1 36. Rxb1 Ke6 37. Kf1 g6 38. h4 f5 39. Rd1 fxe4 40. Rd2 Ra1 41. Re2 d5 42. Kg2 g5 43. hxg5 hxg5 44.
Bd2 Ra2 45. Kf1 g4 46. Bb4 Ra4 47. Bd2 Kf5 48. Kg2 Ra2 49. Kf1 Ra1+ 50. Kg2 Bc5 51.
Bc3 Ra3 52. Bd2 d4 53. Be1 d3 54.
Rb2 Bd4 55. Rb1 Ra2 56. Rd1 e3 57. Rxd3 Ke4 58. Rb3 exf2 0-1

[Event "Early-Titled-Tuesday-Blitz-September-26-2023"]
[Site "Chess.com"]
[Date "2023.09.26"]
[Round "1"]
[White "SaqoChess_Twitch"]
[Black "IngOscarArdila"]
[Result "1-0"]
[WhiteElo "2687"]
[BlackElo "2384"]
[TimeControl "180+1"]
[EndTime "8:08:12 PDT"]
[Termination "SaqoChess_Twitch won by checkmate"]

1. d4 Nf6 2. c4 e6 3. Nc3 Bb4 4.
e3 O-O 5. a3 Be7 6. b4 d5 7. c5 c6 8. Bd3 Nbd7 9. Nge2 e5 10. dxe5 Nxe5 11. O-O Nxd3 12. Qxd3 Bg4 13. Bb2 Qd7 14. Ng3 Rfe8 15. f3 Be6 16. Rad1 Rad8 17. Nce2 Qc7 18. Nd4 a5 19. Nxe6 fxe6 20. Qd4 axb4 21.
axb4 Bf8 22. Qe5 Qf7 23. e4 Nd7 24. Qc7 Nf6 25. Qe5 Nd7 26. Qc3 Be7 27. e5 b6 28.
cxb6 Nxb6 29. Qxc6 Nc4 30. Bd4 Bxb4 31. f4 Rc8 32. Qa4 Bc5 33. Qa2 Ra8 34. Qf2 Bxd4 35. Qxd4 Qa7 36. Qxa7 Rxa7 37. Rf2 Rea8 38. h3 Ra1 39.
Rxa1 Rxa1+ 40. Kh2 g6 41. h4 Kg7 42. h5 Ne3 43. Rf3 Ng4+ 44. Kh3 Nh6 45. hxg6 hxg6 46.
Rb3 Ra7 47. Rb6 Kf7 48. Ne2 Nf5 49. g4 Ne3 50. Nd4 Re7 51. Nc6 Rc7 52. Nd8+ Ke7 53.
Nxe6 Rc3 54. Kh4 Rc1 55. Kg5 Rg1 56. Kxg6 Rxg4+ 57. Ng5 Rxf4 58. Rb7+ Ke8 59. e6 Rg4 60. Kf6 Rf4+ 61. Ke5 Rf5+ 62. Kd6 Rxg5 63. Rb8# 1-0

[Event "Early-Titled-Tuesday-Blitz-September-26-2023"]
[Site "Chess.com"]
[Date "2023.09.26"]
[Round "1"]
[White "TimofeevAr"]
[Black "MFatigue"]
[Result "0-1"]
[WhiteElo "2868"]
[BlackElo "2514"]
[TimeControl "180+1"]
[EndTime "8:08:13 PDT"]
[Termination "MFatigue won on time"]

1. c4 c5 2. Nf3 Nf6 3. Nc3 d5 4. cxd5 Nxd5 5. Qa4+ Nc6 6. Ne5 Nxc3 7. dxc3 Bd7 8. Nxd7 Qxd7 9. e4 O-O-O 10. Bb5 a6 11. Bxc6 Qxc6 12. Qxc6+ bxc6 13. Be3 e5 14. Ke2 f6 15. g4 Be7 16. h4 c4 17. h5 h6 18.
Rhd1 Kc7 19. b3 Rxd1 20. Kxd1 Rd8+ 21. Kc2 cxb3+ 22. axb3 Kb7 23. b4 Rc8 24. Rd1 Kc7 25.
Kb3 Rb8 26. Kc4 Rb5 27. Ra1 Kb7 28. Ra2 Bd6 29. Ra4 Be7 30. Ra5 Rxa5 31. bxa5 Kc7 32. Bc5 Bd6 33. Bxd6+ Kxd6 34. Kb4 c5+ 35. Kc4 Kc6 36.
f3 Kd6 37. Kd3 Kc6 38. c4 Kd6 39. Ke3 Ke6 40. Kf2 Kd6 41. Kg3 Ke6 42. f4 Kd6 43.
Kf3 Ke6 44. fxe5 Kxe5 45. Ke3 Kd6 46. Kf4 Ke6 47. e5 fxe5+ 48. Ke4 Kf6 49. Kd5 Kg5 50.
Kxc5 e4 51. Kd4 Kf4 52. c5 e3 53. c6 e2 54. Kc5 e1=Q 55. Kb6 Qb4+ 56. Kxa6 Qb8 0-1

[Event "Early-Titled-Tuesday-Blitz-September-26-2023"]
[Site "Chess.com"]
[Date "2023.09.26"]
[Round "1"]
[White "Alina_Gumerovna"]
[Black "Djager97"]
[Result "0-1"]
[WhiteElo "2117"]
[BlackElo "2551"]
[TimeControl "180+1"]
[EndTime "8:08:14 PDT"]
[Termination "Djager97 won on time"]

1. e4 e5 2. Nf3 Nc6 3. Bc4 Bc5 4. O-O Nf6 5. d3 O-O 6. c3 d6 7. h3 a6 8. a3 Ba7 9. Re1 h6 10. Nbd2 Be6 11. Bb3 Re8 12. Nf1 d5 13. exd5 Bxd5 14. Be3 Bxe3 15. Nxe3 Bxb3 16. Qxb3 b5 17. Rad1 Qd7 18.
d4 exd4 19. Nxd4 Nxd4 20. Rxd4 Qe7 21. Nc2 Qc5 22. Rxe8+ Rxe8 23. Ne3 Qe5 24. Qd1 c5 25. Rd6 Ne4 26. Rd5 Qf4 27. Rf5 Qh4 28. Qd7 Qe7 29. Qxe7 Rxe7 30. Rd5 f6 31. Kf1 Kf7 32. Ke2 g6 33. f3 Ng3+ 34. Kf2 Nh5 35. Rd6 Nf4 36. Rxa6 Nd3+ 37. Ke2 Nxb2 38. Kd2 Rd7+ 39. Kc2 Nd3 40. Rb6 Ne1+ 41. Kb3 Rd3 42. Nc2 c4+ 43. Kb2 Rd2 44. Rxb5 Rxc2+ 45. Kb1 Rxc3 46. a4 Ra3 47. a5 c3 48.
Rb7+ Ke6 49. Rb6+ Ke5 50. a6 c2+ 51. Kb2 Ra2+ 52. Kxa2 c1=Q 53. a7 Qc4+ 54. Rb3 Nd3 55. a8=Q Nc1+ 0-1

[Event "Early-Titled-Tuesday-Blitz-September-26-2023"]
[Site "Chess.com"]
[Date "2023.09.26"]
[Round "1"]
[White "spotbet"]
[Black "TregubovP"]
[Result "1/2-1/2"]
[WhiteElo "2369"]
[BlackElo "2649"]
[TimeControl "180+1"]
[EndTime "8:08:16 PDT"]
[Termination "Game drawn - insufficient material"]

1. d4 Nf6 2. Bf4 d5 3. Nf3 c5 4. e3 Nc6 5. c3 Qb6 6. Qb3 c4 7. Qxb6 axb6 8. Ne5 b5 9. a3 e6 10. Be2 b4 11. Nxc6 bxc6 12. O-O bxa3 13. Nxa3 Be7 14.
Nc2 Rxa1 15. Rxa1 O-O 16. f3 Ne8 17. Ra7 Bd6 18. Bxd6 Nxd6 19. Nb4 Nb5 20. Re7 g6 21. Nxc6 Kg7 22. Ne5 Nd6 23. Ra7 Rd8 24. Kf2 Kf8 25.
Bd1 Bb7 26. Ba4 Ra8 27. Rxa8+ Bxa8 28. Nd7+ Ke7 29. Nc5 Bb7 30. b3 cxb3 31. Bxb3 Bc6 32. g4 g5 33. Ke1 Bb5 34. Kd2 h6 35. Nd3 f6 36. Nb2 Bf1 37. Bc2 e5 38. Bd3 Bxd3 39.
Kxd3 Ke6 40. Na4 e4+ 41. Ke2 f5 42. Nc5+ Kf6 43. h3 Nc4 44. fxe4 fxe4 45. Nd7+ Ke6 46.
Nc5+ Kf6 47. Nb3 Ke6 48. Nd2 Nd6 49. Nf1 Kf6 50. Ng3 Kg6 51. Kd2 Kf6 52. Kc2 Kg6 53. Kb3 Kf6 54. Kb4 Ke6 55. Kc5 Nc4 56. Nf5 h5 57.
Ng7+ Kf7 58. Nxh5 Nxe3 59. Ng3 Ke6 60. Ne2 Ng2 61. c4 dxc4 62. Kxc4 Nf4 63. d5+ Nxd5 64.
Kd4 Nf6 65. Ng3 Kf7 66. Nxe4 Nh7 67. Ke5 Kg6 68. Ke6 Nf8+ 69. Ke7 Nh7 70. Nd6 Nf6 71.
Nf5 Ne4 72. Ke6 Nf2 73. Ne7+ Kh6 74. Kf6 Nxh3 75. Ng8+ Kh7 76. Ne7 Kh6 77. Nf5+ Kh7 78. Ne7 Nf2 79. Kxg5 Nxg4 1/2-1/2

[Event "Early-Titled-Tuesday-Blitz-September-26-2023"]
[Site "Chess.com"]
[Date "2023.09.26"]
[Round "1"]
[White "Aariow"]
[Black "cukin84"]
[Result "1-0"]
[WhiteElo "2587"]
[BlackElo "2221"]
[TimeControl "180+1"]
[EndTime "8:08:16 PDT"]
[Termination "Aariow won on time"]

1. d4 f5 2. Bg5 h6 3. Bh4 g5 4.
Bg3 d6 5. e3 Nf6 6. Nc3 Bg7 7.
Bc4 e6 8. h4 g4 9. Nge2 O-O 10.
Nf4 Re8 11. Qd3 d5 12. Bb3 Ne4 13. Nxe4 fxe4 14. Qe2 c6 15. Nh5 e5 16. Nxg7 Kxg7 17. Bxe5+ Kh7 18. f3 Nd7 19. Bf4 gxf3 20. gxf3 exf3 21. Qxf3 Nf6 22. Rg1 Qe7 23. Be5 Rf8 24. O-O-O Be6 25. Rdf1 Ne4 26. Qh5 Rg8 27. Bf4 Qf6 28. c3 Rxg1 29. Rxg1 Rg8 30. Rxg8 Bxg8 31. Bc2 Bf7 32. Qg4 Bg6 33. Qd7+ Qg7 34. Qe6 Nf2 35. Bxg6+ Qxg6 36. Qd7+ Qg7 37. Qf5+ Qg6 38. Qxg6+ Kxg6 39. Kd2 h5 40. b3 Kf5 41. c4 Ke4 42. cxd5 cxd5 43.
Bb8 a6 44. Bf4 Nd3 45. Bh6 Nb4 46. a3 Nd3 47. Kc3 Nc1 48. Kb4 Nd3+ 49. Ka5 Nc1 50. b4 Nb3+ 51. Kb6 Kd3 52. Kxb7 a5 53. Kc6 axb4 54.
axb4 Kc4 55. b5 Na5+ 56. Kb6 Nb3 57. Ka6 Nd2 58. b6 Kb4 59. b7 Nc4 60. b8=Q+ 1-0

[Event "Early-Titled-Tuesday-Blitz-September-26-2023"]
[Site "Chess.com"]
[Date "2023.09.26"]
[Round "1"]
[White "rezamahdavi2008"]
[Black "PavelChernomordik"]
[Result "1-0"]
[WhiteElo "2867"]
[BlackElo "2496"]
[TimeControl "180+1"]
[EndTime "8:08:17 PDT"]
[Termination "rezamahdavi2008 won by resignation"]

1. Nf3 g6 2. g3 Bg7 3. Bg2 e5 4.
d3 Nc6 5. c4 d6 6. Nc3 h6 7. Rb1 Be6 8. O-O Qd7 9. Nd2 Nge7 10. b4 Bh3 11. b5 Nd8 12. Bh1 Bxf1 13. Qxf1 f5 14. a4 O-O 15. a5 a6 16. bxa6 Rxa6 17. Nb3 c6 18. Be3 Ne6 19. Bb6 e4 20. Na4 exd3 21. exd3 f4 22. Re1 Ng5 23. h4 fxg3 24.
hxg5 gxf2+ 25. Bxf2 Rf4 26. Nb6 Qg4+ 27. Qg2 Nf5 28.
Qxg4 Rxg4+ 29. Kf1 Bc3 30. Re8+ Kf7 31. Rb8 Bxa5 32.
Rxb7+ Ke6 33. Nxa5 Rxa5 34. Bxc6 Ra1+ 35. Ke2 Rxg5 36.
Bd5+ Ke5 37. Nd7+ Kf4 38. Rb2 Ng3+ 39. Kd2 Nf1+ 40. Kc3 Ne3 41. Bxe3+ Kxe3 42. Be4 Rgg1 43. Nf6 Rgc1+ 44. Kb3 Kd4 45. Ne8 Rc3+ 46. Kb4 Ra6 47. Nc7 Rca3 48. Nb5+ Ke5 49. Nxa3 Rb6+ 50. Nb5 h5 51.
Bxg6 h4 52. Re2+ Kf4 53. Re4+ Kg5 54. Be8 1-0

[Event "Early-Titled-Tuesday-Blitz-September-26-2023"]
[Site "Chess.com"]
[Date "2023.09.26"]
[Round "1"]
[White "Haykoooo0o"]
[Black "Incognito_Knight"]
[Result "1-0"]
[WhiteElo "2477"]
[BlackElo "2747"]
[TimeControl "180+1"]
[EndTime "8:08:20 PDT"]
[Termination "Haykoooo0o won on time"]

1. d4 d5 2. Nf3 Nf6 3. e3 g6 4. Bd3 Bg7 5. Nbd2 O-O 6. O-O c5 7. c3 Nc6 8. dxc5 Nd7 9. e4 Nxc5 10. Bc2 dxe4 11. Nxe4 Qxd1 12. Rxd1 Bf5 13. Nxc5 Bxc2 14. Re1 b6 15. Nb3 e5 16. Be3 Rfd8 17. Rac1 Bd3 18.
Rcd1 f5 19. Bg5 Rd5 20. Nc1 Be4 21. Rxd5 Bxd5 22. Rd1 Bf7 23. Rd6 Na5 24. b3 Nb7 25. Rd7 Nc5 26. Re7 h6 27. Bd2 Rd8 28. Kf1 e4 29.
Nd4 Bxd4 30. cxd4 Rxd4 31. Ke1 Rd7 32. Rxd7 Nxd7 33. Bxh6 Bd5 34. Be3 Kf7 35. g3 Ke6 36. h4 Ne5 37. Kd2 Nf3+ 38. Kc3 Ne5 39. Ne2 Bb7 40. Bf4 Ng4 41. Be3 Kf7 42. Nd4 Ne5 43.
Nb5 Bc6 44. Nxa7 Bd7 45. Bxb6 Ng4 46. Be3 Ke6 47. a4 Kd5 48. Nb5 Bxb5 49. axb5 Ne5 50. Kb4 Nd3+ 51. Ka5 Kd6 52. Ka6 Kc7 53. Ka7 Nb4 54.
b6+ 1-0

[Event "Early-Titled-Tuesday-Blitz-September-26-2023"]
[Site "Chess.com"]
[Date "2023.09.26"]
[Round "1"]
[White "Darko-Dimitrijevic"]
[Black "vishwa_vijeta"]
[Result "0-1"]
[WhiteElo "1986"]
[BlackElo "2535"]
[TimeControl "180+1"]
[EndTime "8:08:23 PDT"]
[Termination "vishwa_vijeta won on time"]

1. d4 Nf6 2. c4 g6 3. Nc3 d5 4. e3 Bg7 5. Nf3 O-O 6. Be2 c5 7.
O-O cxd4 8. Nxd4 Nc6 9. Nxc6 bxc6 10. Bd2 Rb8 11. b3 Ne4 12. Rc1 Nxd2 13. Qxd2 e6 14. Rfd1 Bd7 15. h3 Qa5 16. Nxd5 Qa3 17. Ne7+ Qxe7 18.
Qxd7 Qa3 19. Qd2 Rfd8 20. Qc2 Bf6 21. Bf3 c5 22. Rb1 Kg7 23. Kf1 Rxd1+ 24. Rxd1 a5 25.
Bc6 Qb4 26. Bb5 h5 27. g3 Rd8 28. Rxd8 Bxd8 29. Ke2 Bf6 30. g4 hxg4 31. hxg4 Qa3 32. f4 g5 33. Kf3 Qb4 34. Kf2 gxf4 35. exf4 Bd4+ 36. Ke2 Qa3 37. g5 Qb4 38. Qd3 Qa3 39. Qc2 Bb2 40. Qb1 Bd4 41. Bc6 Qb4 42. Qc2 Qb8 43. Kf3 Qh8 44. Qg2 Qh5+ 45. Ke4 Qg6+ 46. Kf3 Qd3+ 47. Kg4 Qf5+ 48. Kf3 e5 49. Qg3 Qd3+ 50. Kg4 Qe2+ 51. Kf5 exf4 52. Qf3 Qe5+ 53. Kg4 Be3 54. Qe4 Qa1 55. Be8 Qd1+ 56. Kf5 Qd6 57.
Kg4 Kf8 58. g6 Qd1+ 59. Kh4 Bf2+ 60. Kg5 Qg1+ 0-1

[Event "Early-Titled-Tuesday-Blitz-September-26-2023"]
[Site "Chess.com"]
[Date "2023.09.26"]
[Round "1"]
[White "crosky"]
[Black "Hasangatin_Ramil"]
[Result "0-1"]
[WhiteElo "2408"]
[BlackElo "2704"]
[TimeControl "180+1"]
[EndTime "8:08:24 PDT"]
[Termination "Hasangatin_Ramil won on time"]

1. c4 e5 2. Nc3 Nf6 3. Nf3 Nc6 4. e4 Bb4 5. d3 d6 6. a3 Bxc3+ 7. bxc3 Bg4 8. h3 Bh5 9. g4 Bg6 10. Bg2 Nd7 11. Rb1 b6 12. Be3 Nc5 13.
h4 h5 14. g5 O-O 15. Bh3 a6 16. O-O Rb8 17. a4 a5 18. Kh2 Ne7 19. Ng1 Qe8 20.
Rb5 Nc6 21. Ne2 Na7 22. Ng3 Nxb5 23. cxb5 Qe7 24. c4 f6 25. Bf5 Qf7 26. Rg1 Kh8 27. Bxg6 Qxg6 28. Nf5 Ne6 29. gxf6 Qxf6 30. Qxh5+ Kg8 31.
Rg6 Qxg6 32. Qxg6 Rf6 33. Qg4 Rbf8 34. Ne7+ Kf7 35. Nd5 Rh8 36. Nxf6 gxf6 37. Kg3 Ng7 38. Kf3 Ne6 39. Ke2 Rh7 40. f4 exf4 41. Bxf4 Rg7 42. Qh5+ Ke7 43. Be3 Nf8 44. Qh8 Kf7 45. Qh5+ Ke7 46.
Qd5 Ne6 47. Qb7 Rg2+ 48. Kf3 Rh2 49. h5 Rxh5 50. Qb8 Rh3+ 51. Ke2 Rh7 52. Qg8 Rg7 53. Qh8 Kf7 54. Qh5+ Ke7 55. Qh4 Kf7 56. d4 Ke7 57.
c5 Nf8 58. cxb6 cxb6 59. Qh5 Ng6 60. Qd5 Nf8 61. Qb7+ Nd7 62. Qxb6 Nxb6 0-1